 Dungeon Crawl Stone Soup version 0.30-a0-12-gd8047c6341 (webtiles) character file.

Game seed: 14220043633281297481

221 Flugkiller the Chopper (level 5, 0/47 HPs)
             Began as a Minotaur Fighter on Aug 23, 2022.
             Slain by a gnoll bouda
             ... wielding a +0 whip
              (9 damage)
             ... on level 4 of the Dungeon.
             The game lasted 00:01:00 (2384 turns).

Flugkiller the Chopper (Minotaur Fighter)           Turns: 2384, Time: 00:01:00

Health: 0/47       AC:  7    Str: 21    XL:     5   Next: 65%
Magic:  4/4        EV:  9    Int:  5    God:
Gold:   90         SH:  4    Dex: 11    Spells: 4/4 levels left

rFire   . . .      SeeInvis .    a - +0 war axe
rCold   + . .      Faith    .    e - +0 buckler
rNeg    . . .      Spirit   .    b - +0 scale mail
rPois   .          Reflect  .    (helmet restricted)
rElec   .          Harm     .    (no cloak)
rCorr   .          Rampage  .    (no gloves)
Will    .....                    (no boots)
Stlth   ..........               (no amulet)
HPRegen 0.15/turn                c - ring of protection from cold
MPRegen 0.09/turn                (no ring)

@: lethally poisoned (0 -> -7), weakened
A: horns 2, retaliatory headbutt
a: no special abilities


You were on level 4 of the Dungeon.
You visited 1 branch of the dungeon, and saw 4 of its levels.

You collected 90 gold pieces.

Inventory:

Hand Weapons
 a - a +0 war axe (weapon)
Armour
 b - a +0 scale mail (worn)
 e - a +0 buckler (worn)
Jewellery
 c - a ring of protection from cold (left hand)
   (You found it on level 1 of the Dungeon)
Scrolls
 f - a scroll of blinking {unknown}
 h - 4 scrolls of teleportation {unknown}
 i - 7 scrolls of identify {unknown}
 k - a scroll of vulnerability {unknown}
 l - 2 scrolls of enchant armour {unknown}
 o - a scroll of silence {unknown}
 p - 2 scrolls of fear {unknown}
 s - 2 scrolls of noise {unknown}
 t - a scroll of magic mapping {unknown}
Potions
 d - a potion of might
 g - a potion of lignification {unknown}
 j - 2 potions of mutation {unknown}
 m - 4 potions of curing {unknown}
 n - a potion of brilliance {unknown}
 q - 2 potions of experience {unknown}
 r - a potion of haste {unknown}


   Skills:
 + Level 4.9 Fighting
 * Level 5.4 Axes
 + Level 5.0 Armour
 - Level 3.6 Shields


You had 4 spell levels left.
You didn't know any spells.
Your spell library was empty.

Dungeon Overview and Level Annotations

Branches:
Dungeon (4/15)
 Temple: D:4-7

Altars:
Ashenzari

Shops:
D:2 !


Innate Abilities, Weirdness & Mutations

You have a pair of horns on your head.
You reflexively headbutt those who attack you in melee.


Message History

You block the hound's attack.
The shadow imp shouts, "Out, out, thou peeagling unchin-snouted swadder!"
Natasha barely misses you. The hound bites you but does no damage.
You slash Natasha!
Natasha is almost dead.
You barely miss the hound. The hound bites you but does no damage.
Natasha stares at you and mumbles some strange words.
The magic dart hits you. The hound bites you. The shadow imp barely misses you.
You slash Natasha!
You kill Natasha!
Natasha screams in pain as she dies!
The shadow imp disappears in a puff of smoke!
You miss the hound. The hound bites you but does no damage.
The hound bites you.
Your Axes skill increases to level 5!
You hit the hound but do no damage. The hound bites you.
The hound barely misses you.
You closely miss the hound. The hound bites you. You block the hound's attack.
You slash the hound!
The hound is severely wounded.
The hound completely misses you. The hound closely misses you.
You slash the hound!
You kill the hound!
No target in view!
You start resting.
HP restored.
An endoplasm comes into view.
An endoplasm is nearby!
An endoplasm is nearby!
An endoplasm is nearby!
The endoplasm jiggles.
The endoplasm freezes you.
You are frozen.
You resist.
You barely miss the endoplasm. The endoplasm freezes you.
You are frozen.
You resist. The endoplasm freezes you.
You are frozen.
You resist.
You hit the endoplasm.
The endoplasm is almost dead.
The endoplasm closely misses you.
You slash the endoplasm!
You kill the endoplasm!
No target in view!
No target in view!
i - 7 scrolls labelled FUCOQI ROREFUO (gained 1)
A gnoll comes into view. It is wielding a +0 halberd of venom.
The gnoll shouts!
You hear a shout!
A gnoll bouda comes into view.
It is wielding a +0 whip and wearing a +1 robe of willpower.
A gnoll comes into view. It is wielding a +0 whip. x2
There are monsters nearby!
There are monsters nearby!
The gnoll bouda shouts!
The gnoll shouts!
The gnoll bouda barks out a call to the hunt!
The gnolls pick up the pace!
The gnoll hits you but does no damage.
You slash the gnoll!
The gnoll is severely wounded.
You slash the gnoll! The gnoll hits you with a +0 whip. x2
The gnoll closely misses you. You furiously retaliate!
You headbutt the gnoll, but do no damage.
You barely miss the gnoll.
The gnoll is severely wounded.
You barely miss the gnoll. You block the gnoll's attack.
The gnoll barely misses you.
You hit the gnoll.
The gnoll is severely wounded.
You barely miss the gnoll. The gnoll hits you with a +0 whip.
The gnoll misses you. The gnoll barely misses you.
You block the gnoll's attack.
You barely miss the gnoll.
The gnoll is severely wounded.
You slash the gnoll!
You kill the gnoll!
The gnoll misses you. The gnoll hits you with a +0 whip.
You block the gnoll's attack.
You hit the gnoll.
You kill the gnoll!
The gnoll bouda gazes fiercely through you!
You feel your attacks grow feeble. You block the gnoll's attack.
Your Armour skill increases to level 5!
The gnoll is no longer moving quickly.
The gnoll hits you with a +0 halberd of venom.
You are poisoned.
You see here a +0 whip.
You hit the gnoll bouda.
The gnoll bouda is lightly wounded.
You hit the gnoll.
You feel very sick.
The gnoll hits you with a +0 halberd of venom!
The gnoll bouda barks out a call to the hunt!
The gnoll picks up the pace!
You hit the gnoll.
The gnoll is heavily wounded.
You closely miss the gnoll bouda.
You feel sick.
The gnoll hits you with a +0 halberd of venom!
* * * LOW HITPOINT WARNING * * *
The gnoll bouda hits you with a +0 whip!
You die...

.........†....#
.............##
.(..........).##
..............##
...............#
.........##..###
...........##
.........)##
.#.....##@###
##....#.gg.#
#..#......##
...##.......#
................
##..............
##.....#......#
###...#.##.#.#
./..... .#..


You could see a gnoll bouda and a gnoll (swift).

Vanquished Creatures
  A hound (D:4)
  Natasha (D:4)
  2 orc wizards (D:3)
  2 gnolls (D:4)
  2 adders
  2 worms (D:2)
  A dart slug (D:1)
  3 orcs (D:3)
  4 ball pythons
  9 bats
  10 endoplasms
  5 giant cockroaches
  4 goblins
  6 hobgoblins
  A quokka (D:2)
  4 frilled lizards
  4 kobolds
  9 rats
70 creatures vanquished.

Notes
Turn   | Place    | Note
-------+----------+-------------------------------------------
     0 | D:1      | Flugkiller the Minotaur Fighter began the quest for the
                  | Orb.
     0 | D:1      | Reached XP level 1. HP: 19/19 MP: 0/0
   133 | D:1      | Reached XP level 2. HP: 27/27 MP: 1/1
   627 | D:2      | Reached XP level 3. HP: 25/33 MP: 2/2
   846 | D:2      | Identified the +1 leather armour "Nyeclezu" {rC- Slay+5}
  1076 | D:2      | Found a faded altar of an unknown god.
  1114 | D:2      | Found Ataih's Distillery.
  1497 | D:3      | Reached XP level 4. HP: 27/41 MP: 3/3
  1721 | D:3      | Found a broken altar of Ashenzari.
  1905 | D:3      | Reached XP level 5. HP: 36/47 MP: 4/4
  2229 | D:4      | Noticed Natasha
  2235 | D:4      | Killed Natasha
  2236 | D:4      | Reached skill level 5 in Axes
  2382 | D:4      | Reached skill level 5 in Armour
  2384 | D:4      | Slain by a gnoll bouda

Illustrated notes

Levels and vault maps discovered:
D:1:      lightli_arrival_quake, layout_loops_cross
D:2:      minmay_chambers_of_twos, layout_loops_cross, basic_ecumenical_altar,
          serial_shops, nicolae_shop_trees
D:3:      layout_rooms, ashenzari_conservatory_becter,
          kennysheep_generic_room_15
D:4:      layout_cave_pools, gammafunk_temple_overflow_forgotten, uniq_natasha

Skill      XL: |  1  2  3  4  5 |
---------------+----------------+-----
Axes           | 3 4 5 |  5.4
Armour         | 4 5 |  5.0
Fighting       | 4 |  4.9
Shields        | |  3.6

Action                   |  1- 3 |  4- 6 || total
-------------------------+-------+-------++-------
Melee: War axe           |    99 |    48 ||   147
       Headbutt          |     9 |     5 ||    14
Armor: Scale mail        |    51 |    19 ||    70
Dodge: Dodged            |    51 |    21 ||    72
Block: Buckler           |    38 |    21 ||    59

Table legend: (Time is in decaauts)
 A = Elapsed time spent in this place.
 B = Non-inter-level travel time spent in this place.
 C = Inter-level travel time spent in this place.
 D = Time resting spent in this place.
 E = Time spent auto-exploring this place.
 F = Levels seen in this place.
 G = Mean time per level.
                   A        B        C        D        E       F      G
               +--------+--------+--------+--------+--------+-----+--------+
         Total |   2433 |   2344 |     89 |    327 |   1611 |   4 |  608.2 |
       Dungeon |   2433 |   2344 |     89 |    327 |   1611 |   4 |  608.2 |
               +--------+--------+--------+--------+--------+-----+--------+

Top non-repeatable levels by time:
     D:2: 1093 daAuts
     D:3: 589 daAuts
     D:1: 586 daAuts
     D:4: 164 daAuts
